 Dungeon Crawl Stone Soup version 0.29-a0-982-gaed3a0c8d8 (webtiles) character file.

Game seed: 16542695264232587648

58116 Sobieck the Covert (level 14, -10/75 HPs)
             Began as a Vine Stalker Brigand on Aug 1, 2022.
             Was a High Priest of Uskayaw.
             Mangled by a cyan ugly thing (14 damage)
             ... summoned by a glowing orange brain
             ... on level 15 of the Dungeon.
             The game lasted 00:40:02 (13420 turns).

Sobieck the Covert (Vine Stalker Brigand)          Turns: 13420, Time: 00:40:02

Health: -10/75     AC: 20    Str: 14    XL:     14   Next: 89%
Magic:  0/39       EV: 18    Int: 14    God:    Uskayaw [*****.]
Gold:   578        SH:  8    Dex: 27    Spells: 13/13 levels left

rFire   . . .      SeeInvis .   a - +3 short sword (distort) {!wshort}
rCold   . . .      Faith    +   t - +1 buckler {rPois}
rNeg    . . .      Spirit   +   X - +4 moon troll leather armour {Spirit, Regen++ MP+5}
rPois   +          Reflect  .   F - +2 helmet {Int+3}
rElec   .          Harm     .   c - +2 cloak
rCorr   .          Rampage  .   E - +1 pair of gloves
Will    +....                   L - +2 pair of boots
Stlth   ++++++....              v - amulet of faith {!P}
HPRegen 2.62/turn               V - ring of magical power
MPRegen 0.26/turn               D - +6 ring of dexterity

@: hasted, very quick
A: fangs 3, regeneration 1, magic shield, antimagic bite, no potion heal 2
a: Renounce Religion, Stomp, Line Pass, Grand Finale


You were on level 15 of the Dungeon.
You worshipped Uskayaw.
Uskayaw was pleased with you.
You visited 2 branches of the dungeon, and saw 16 of its levels.
You also visited: Bailey.

You collected 1062 gold pieces.
You spent 484 gold pieces at shops.


Innate Abilities, Weirdness & Mutations

You have razor-sharp teeth.
Your natural rate of healing is unusually fast.
When hurt, damage is shared between your health and your magic reserves.
Your bite disrupts and absorbs the magic of your enemies.
Potions cannot restore your health.


   Skills:
 - Level 9.0 Fighting
 - Level 12.0 Short Blades
 - Level 1.7 Throwing
 - Level 4.0 Armour
 - Level 8.0 Dodging
 - Level 14.0 Stealth
 - Level 5.0 Shields
 + Level 13.4 Invocations


You had 13 spell levels left.
You didn't know any spells.
Your spell library contained the following spells:

 Spells                   Type           Power      Damage    Failure   Level
 Ignite Poison            Fire/Tmut/Pois 0%         N/A       80%         3
 Mephitic Cloud           Conj/Pois/Air  0%         N/A       80%         3
 Summon Guardian Golem    Hex/Summ       0%         N/A       80%         3
 Tukima's Dance           Hex            0%         N/A       80%         3
 Passage of Golubria      Tloc           0%         N/A       99%         4
 Freezing Cloud           Conj/Ice/Air   0%         6-21      100%        5
 Iskenderun's Battlesphe  Conj           0%         2d6       100%        5
 Silence                  Hex/Air        0%         N/A       100%        5
 Summon Forest            Summ/Tloc      0%         N/A       100%        5
 Yara's Violent Unravell  Hex/Tmut       0%         3d3       100%        5
 Eringya's Noxious Bog    Tmut/Pois      0%         N/A       100%        6
 Iron Shot                Conj/Erth      0%         9d1       100%        6
 Orb of Destruction       Conj           0%         9d5       100%        7
 Spellforged Servitor     Conj/Summ      0%         N/A       100%        7
 Summon Hydra             Summ           0%         N/A       100%        7
 Lehudib's Crystal Spear  Conj/Erth      0%         10d2      100%        8

Inventory:

Hand Weapons
 a - a +3 short sword of distortion (weapon) {!wshort}
   (You found it on level 9 of the Dungeon)
 b - a +0 rapier {short}
   (You bought it in a shop on level 5 of the Dungeon)
 C - the +6 lajatang "Iheperaz" {vorpal, rC+ Str+4, staff}
   (You took it off a gnoll sergeant in a bailey)

   It inflicts extra damage upon your enemies.
   Str:       It affects your strength (+4).
   rC:        It protects you from cold.
 J - the +9 sling "Juphutul" {venom, Str+2 Int-4 Dex+4 SInv}
   (You found it on level 14 of the Dungeon)

   Any ammunition fired from it poisons the flesh of those it strikes.
   Str:       It affects your strength (+2).
   Int:       It affects your intelligence (-4).
   Dex:       It affects your dexterity (+4).
   SInv:      It lets you see invisible.
Missiles
 d - 41 poisoned darts (quivered) {throwing}
 e - 3 curare-tipped darts {=fthrowing}
 l - 5 javelins {throwing}
 I - 19 boomerangs {throwing}
 S - an atropa-tipped dart {throwing}
 T - 10 throwing nets {=f!fthrowing}
 Z - 7 silver javelins {throwing}
Armour
 c - a +2 cloak (worn)
 t - a +1 buckler of poison resistance (worn)
   (You took it off a gnoll sergeant on level 9 of the Dungeon)
 E - a +1 pair of gloves (worn)
   (You found it on level 13 of the Dungeon)
 F - a +2 helmet of intelligence (worn)
   (You found it in a bailey)
 L - a +2 pair of boots (worn)
   (You found it on level 8 of the Dungeon)
 X - the +4 moon troll leather armour (worn) {Spirit, Regen++ MP+5}
   (You found it on level 5 of the Dungeon)

   MP:        It affects your magic capacity (+5).
   Regen:     It increases your rate of health regeneration.
Jewellery
 r - a ring of resist corrosion
   (You found it on level 1 of the Dungeon)
 v - an amulet of faith (around neck) {!P}
   (You bought it in a shop on level 11 of the Dungeon)
 D - a +6 ring of dexterity (right hand)
   (You found it on level 3 of the Dungeon)
 K - a +4 ring of evasion
   (You found it on level 14 of the Dungeon)
 M - a ring of flight
   (You found it on level 3 of the Dungeon)
 V - a ring of magical power (left hand)
   (You found it on level 10 of the Dungeon)
Wands
 g - a wand of iceblast (9)
   (You found it on level 13 of the Dungeon)
 k - a wand of polymorph (3)
   (You found it on level 13 of the Dungeon)
 u - a wand of flame (12)
   (You found it on level 7 of the Dungeon)
 w - a wand of acid (8)
   (You found it on level 6 of the Dungeon)
 G - a wand of digging (23)
   (You took it off Ijyb on level 3 of the Dungeon)
Scrolls
 f - a scroll of immolation {!r!r}
 i - 8 scrolls of teleportation {@r4}
 m - 2 scrolls of silence {!r}
 o - 2 scrolls of poison {!r}
 p - a scroll of fear
 y - 2 scrolls of torment {!r}
 A - a scroll of butterflies
 H - 4 scrolls of magic mapping {!r}
 U - a scroll of identify {@r1}
Potions
 h - 4 potions of invisibility
 j - 4 potions of attraction {!q}
 n - 7 potions of curing {@q1}
 q - a potion of lignification {!q}
 s - 2 potions of resistance
 x - 4 potions of mutation {!q}
 z - 2 potions of haste {@q3}
 B - 2 potions of cancellation
 O - a potion of berserk rage {!q}
 P - 2 potions of brilliance
 Q - a potion of might
 R - a potion of flight {unknown}
 W - a potion of magic {unknown}
 Y - 2 potions of ambrosia
Miscellaneous
 N - a tin of tremorstones (2/2) {throwing}
   (You found it on level 14 of the Dungeon)

Dungeon Overview and Level Annotations

Branches:
Dungeon (15/15) Zot: 26103  Temple (1/1) D:6 Zot: 5812    Lair (0/5) D:11
    Orc (0/2) D:12         Vaults (0/5) D:14         Bailey (visited)
 Depths: D:15

Altars:
Ashenzari
Cheibriados
Dithmenos
Elyvilon
Fedhas
Gozag
Hepliaklqana
Kikubaaqudgha
Makhleb
Nemelex Xobeh
Okawaru
Qazlal
Ru
Sif Muna
Trog
Uskayaw
Vehumet
Wu Jian
Xom
Yredelemnul
Zin
The Shining One

Shops:
D:4 :   D:5 (   D:6 (   D:10 [   D:11 (=

Annotations:
D:9 3 runed translucent doors, Hubris850's ghost, novice TrBe
Abyss:1 Lodul

#...............# ##
#...............# #.
#...............# #.
#.......).......###.
##########.)...........
##.#..# #####.....#####.
#....u###..##....<......
##.##.u#§..†##†...#####.
#.. ##u@....u'.#### #. #u.
###....###### #. ###
##..##<...# ## #####.##.#
### #......#.# #.#
#.###..#.# #.#
#.#.#..#.####### #.#
####.#.#..#.##.....
#.######......#..#.##.....


You could see 4 ugly things.


Message History

The seven-headed hydra bites you but does no damage. x2
The seven-headed hydra closely misses you.
A white ugly thing comes into view.
Unknown command.
Unknown command.
As you read the scroll of fear, it crumbles to dust.
You assume a fearsome visage.
The glowing orange brain looks frightened!
The cyan ugly thing looks frightened! x3
The white ugly thing looks frightened!
The white ugly thing gurgles horribly!
The seven-headed hydra looks frightened!
You hear a horrible gurgling sound!
You hear an angry hiss.
The glowing orange brain falters for a moment.
Unknown command.
The glowing orange brain blinks!
The cyan ugly thing basks in the mutagenic energy from its kin and changes!
Cornered, the cyan ugly thing turns to fight!
Unknown command.
You hit the purple ugly thing.
Space warps around the purple ugly thing.
Your attack snaps the purple ugly thing out of its fear.
Your bite misses the purple ugly thing.
The cyan ugly thing punches you but does no damage.
Uskayaw will force your foes to helplessly watch your dance.
Uskayaw prepares the audience for your solo!
The helpless purple ugly thing fails to defend itself.
You stick the purple ugly thing like a pincushion!!!!
You kill the purple ugly thing!
The purple ugly thing's corpse dissolves into shadows!
The cyan ugly thing is no longer paralysed.
The cyan ugly thing is no longer paralysed.
The seven-headed hydra is no longer paralysed.
The cyan ugly thing punches you. The cyan ugly thing shocks you!
* * * LOW HITPOINT WARNING * * *
Unknown command.
You completely miss the cyan ugly thing.
The seven-headed hydra seems to regain its courage.
The cyan ugly thing punches you. The cyan ugly thing shocks you!
* * * LOW HITPOINT WARNING * * *
You hit the cyan ugly thing but do no damage.
Space warps around the cyan ugly thing.
You bite the cyan ugly thing! You drain its power.
A brown ugly thing comes into view.
Uskayaw will force your foes to share their pain.
Uskayaw links your audience in an emotional bond!
Unknown command.
You hit the white ugly thing but do no damage.
Space warps around the white ugly thing.
Your attack snaps the white ugly thing out of its fear.
You bite the white ugly thing. You drain its power.
You feel invigorated.
The cyan ugly thing punches you but does no damage.
The seven-headed hydra bites you but does no damage.
The seven-headed hydra bites you.
* * * LOW HITPOINT WARNING * * *
The seven-headed hydra bites you but does no damage.
You block the seven-headed hydra's attack.
The seven-headed hydra completely misses you.
The seven-headed hydra bites you!
* * * LOW HITPOINT WARNING * * *
The seven-headed hydra closely misses you.
The white ugly thing closely misses you.
Unknown command.
You puncture the seven-headed hydra!
Space warps around the seven-headed hydra.
You bite the seven-headed hydra! You drain its power.
You hit the seven-headed hydra.
Space warps horribly around the seven-headed hydra!
You bite the seven-headed hydra. You drain its power.
The cyan ugly thing closely misses you.
You block the seven-headed hydra's attack. x2
The seven-headed hydra misses you.
The seven-headed hydra completely misses you.
The seven-headed hydra bites you.
* * * LOW HITPOINT WARNING * * *
The seven-headed hydra bites you.
* * * LOW HITPOINT WARNING * * *
The seven-headed hydra bites you but does no damage.
The white ugly thing misses you.
You can now merge with and destroy a victim.
Unknown command.
You barely miss the seven-headed hydra.
Unknown command.
You puncture the seven-headed hydra!
The seven-headed hydra is devoured by a tear in reality.
The cyan ugly thing misses you. The white ugly thing engulfs you!
* * * LOW HITPOINT WARNING * * *
The white ugly thing freezes you!!
* * * LOW HITPOINT WARNING * * *
Unknown command.
Unknown command.
The cyan ugly thing attacks as you move away!
The cyan ugly thing misses you.
Unknown command.
Unknown command.
Unknown command.
You feel yourself speed up. The cyan ugly thing punches you.
* * * LOW HITPOINT WARNING * * *
The cyan ugly thing shocks you!
You die...

Skill      XL: |  1  2  3  4  5  6  7  8  9 10 11 12 13 14 |
---------------+-------------------------------------------+-----
Fighting       | 2 3 4 5 6 7 9 |  9.0
Short Blades   | 2 3 4 5 7 9 10 11 12 | 12.0
Dodging        | 1 2 3 4 7 8 |  8.0
Stealth        | 5 6 7 9 12 13 14 | 14.0
Invocations    | 4 6 7 9 13 | 13.4
Armour         | 3 4 |  4.0
Shields        | 1 3 5 |  5.0
Throwing       | |  1.7

Action                   |  1- 3 |  4- 6 |  7- 9 | 10-12 | 13-15 || total
-------------------------+-------+-------+-------+-------+-------++-------
Melee: Dagger            |    92 |   130 |   352 |   380 |       ||   954
       Bite              |    26 |    33 |   129 |   285 |   149 ||   622
       Punch             |     1 |     2 |     7 |    12 |       ||    22
       Short sword       |       |       |       |   277 |   385 ||   662
 Fire: Sling             |       |       |    13 |       |       ||    13
Throw: Dart              |       |       |       |     7 |       ||     7
Invok: Stomp             |       |       |       |     1 |       ||     1
Evoke: Wand              |       |       |       |       |     2 ||     2
  Use: Scroll            |       |       |    17 |     8 |     9 ||    34
       Potion            |       |       |       |       |     1 ||     1
 Stab: Sleeping          |     7 |    11 |    22 |    22 |    26 ||    88
       Distracted        |       |     1 |       |     1 |     2 ||     4
       Paralysed         |       |       |    11 |    39 |    27 ||    77
Armor: Robe              |    18 |    27 |     1 |       |       ||    46
       Troll leather arm |       |       |    73 |   139 |   105 ||   317
Dodge: Dodged            |    39 |    91 |   217 |   310 |   149 ||   806
Block: Buckler           |       |       |       |    40 |    85 ||   125

Levels and vault maps discovered:
D:1:      evilmike_arrival_plus, layout_loops_ring, minmay_octomino_e4
D:2:      layout_loops_ring, hellmonk_ecumenical_altar_inner_sanctum,
          serial_forest, infiniplex_forest_lined_2,
          infiniplex_forest_clump_small, infiniplex_forest_straight_4,
          infiniplex_forest_lined_room_2, infiniplex_forest_lined_1,
          glass_columns_c, st_stairs_5
D:3:      minmay_evil_eye, layout_loops_ring, minivault_23, uniq_ijyb,
          uniq_robin, uniq_terence, uniq_sigmund
D:4:      layout_rooms, serial_shops, shop, uniq_blork_the_orc
D:5:      layout_basic, nicolae_ru_the_path_less_chosen, serial_shops,
          nicolae_shop_trees, serial_bayou_pond_e, st_stairs_1
D:6:      layout_gridville, minitemple, minmay_temple_entry_wispy,
          chequers_serial_rivers_micro_d, nicolae_shop_firing_range
D:7:      layout_basic
D:8:      layout_basic, enter_bailey_5
D:9:      layout_cave_pools, gammafunk_ghost_icy, serial_park_tiny_pond,
          uniq_erica
D:10:     layout_loops_ring, minmay_shop_chei, uniq_josephine
D:11:     layout_rooms, dpeg_oklobed_lair, serial_shops, shop,
          nicolae_shop_statue_plus
D:12:     layout_basic, erik_orc_4
D:13:     minmay_imperfect_grid, layout_stronghold, minivault_1, uniq_urug
D:14:     minmay_spotlight, layout_long_grid, lightli_vaults_fourway_checkpoint,
          serial_bayou_shore_a, lemuel_old_faithful, uniq_lodul
D:15:     gammafunk_enter_depths_forms, layout_basic,
          chequers_serial_rivers_room_b, einodemon_armed_red_devil_minivault
Temple:   hellmonk_temple_forest_ring

Notes
Turn   | Place    | Note
-------+----------+-------------------------------------------
     0 | D:1      | Sobieck the Vine Stalker Brigand began the quest for the
                  | Orb.
     0 | D:1      | Reached XP level 1. HP: 11/11 MP: 2/2
    82 | D:1      | Reached skill level 2 in Fighting
    82 | D:1      | Reached skill level 2 in Short Blades
    82 | D:1      | Reached skill level 1 in Dodging
    82 | D:1      | Reached skill level 5 in Stealth
    82 | D:1      | Reached XP level 2. HP: 10/15 MP: 3/3
   509 | D:1      | You fall into a shaft and drop 1 floor!
   551 | D:1      | Reached XP level 3. HP: 18/18 MP: 4/4
  1380 | D:2      | Found a faded altar of an unknown god.
  1537 | D:3      | Noticed Sigmund
  1553 | D:3      | Killed Sigmund
  1554 | D:3      | Reached skill level 3 in Short Blades
  1554 | D:3      | Reached skill level 2 in Dodging
  1554 | D:3      | Gained mutation: Your natural rate of healing is unusually
                  | fast. [Vine Stalker growth]
  1554 | D:3      | Reached XP level 4. HP: 10/23 MP: 2/5
  1554 | D:3      | Reached XP level 5. HP: 12/28 MP: 2/6
  1623 | D:3      | You pick up a book of Dangerous Friends and begin
                  | reading...
  1623 | D:3      | You add the spells Summon Guardian Golem, Orb of
                  | Destruction and Spellforged Servitor to your library.
  1628 | D:3      | Noticed Ijyb
  1665 | D:3      | Killed Ijyb
  1666 | D:3      | Reached XP level 6. HP: 26/32 MP: 7/7
  1706 | D:3      | Reached skill level 3 in Fighting
  1706 | D:3      | Reached skill level 6 in Stealth
  1710 | D:3      | Noticed Robin
  1722 | D:3      | Killed Robin
  1723 | D:3      | HP: 7/32 [goblin/+0 dagger[Robin] (3)]
  1746 | D:3      | Reached skill level 4 in Short Blades
  2022 | D:3      | Noticed Terence
  2028 | D:3      | Killed Terence
  2319 | D:3      | You pick up a book of the Moon and begin reading...
  2319 | D:3      | You add the spells Passage of Golubria, Silence and
                  | Lehudib's Crystal Spear to your library.
  2537 | D:4      | Reached XP level 7. HP: 26/36 MP: 5/8
  2685 | D:4      | Noticed Blork the orc
  2703 | D:4      | Killed Blork the orc
  2892 | D:4      | Found Arphoneh's Book Shop.
  3003 | D:5      | Entered Level 5 of the Dungeon
  3061 | D:5      | Found Lapsaur's Weapon Shop.
  3084 | D:5      | Bought a +0 rapier for 44 gold pieces
  3141 | D:5      | Found the +4 moon troll leather armour {Spirit, Regen++
                  | MP+5}
  3209 | D:5      | Found a sacrificial altar of Ru.
  3258 | D:5      | You add the spells Tukima's Dance and Yara's Violent
                  | Unravelling to your library.
  3392 | D:5      | Reached skill level 5 in Short Blades
  3392 | D:5      | Reached skill level 3 in Dodging
  3935 | D:6      | Reached skill level 4 in Fighting
  3935 | D:6      | Reached skill level 7 in Stealth
  3935 | D:6      | Gained mutation: You have razor-sharp teeth. [Vine Stalker
                  | growth]
  3935 | D:6      | Reached XP level 8. HP: 42/42 MP: 9/9
  3981 | D:6      | Reached skill level 6 in Short Blades
  4046 | D:6      | Found a staircase to the Ecumenical Temple.
  4068 | Temple   | Entered the Ecumenical Temple
  4240 | Temple   | Became a worshipper of Uskayaw the Reveller
  4307 | D:6      | Reached * piety under Uskayaw
  4418 | D:6      | Found Kustarid's Firing Range.
  4428 | D:6      | Reached ** piety under Uskayaw
  4429 | D:6      | Reached skill level 5 in Fighting
  4507 | D:6      | Reached *** piety under Uskayaw
  4509 | D:6      | Reached skill level 7 in Short Blades
  4703 | D:6      | Found a burning altar of Makhleb.
  4703 | D:6      | Found an ornate altar of the Wu Jian Council.
  4708 | D:6      | Found a blossoming altar of Fedhas.
  4710 | D:6      | Found a sparkling altar of Nemelex Xobeh.
  4710 | D:6      | Found a shimmering altar of Xom.
  4710 | D:6      | Found a bloodstained altar of Trog.
  4714 | D:6      | Found an iron altar of Okawaru.
  4716 | D:6      | Found a snail-covered altar of Cheibriados.
  4717 | D:6      | Found a shimmering blue altar of Sif Muna.
  4854 | D:7      | Reached XP level 9. HP: 47/47 MP: 10/10
  4856 | D:7      | Reached **** piety under Uskayaw
  5036 | D:7      | Reached skill level 8 in Short Blades
  5153 | D:7      | Reached skill level 6 in Fighting
  5159 | D:7      | Reached ***** piety under Uskayaw
  5411 | D:8      | Found a flagged portal.
  5435 | Bailey   | Entered a bailey
  5446 | Bailey   | Reached skill level 9 in Short Blades
  5676 | Bailey   | Noticed Grum
  5719 | Bailey   | Identified the +6 lajatang "Iheperaz" {vorpal, rC+ Str+4}
  5725 | Bailey   | Killed Grum
  5797 | Bailey   | Reached XP level 10. HP: 53/53 MP: 11/11
  5979 | Bailey   | Reached skill level 7 in Fighting
  5985 | Bailey   | Reached skill level 1 in Invocations
  6034 | Bailey   | Reached skill level 1 in Armour
  6208 | Bailey   | Identified the +2 chain mail of the Well-Known Beasts
                  | {rPois Regen+}
  6232 | Bailey   | Reached skill level 10 in Short Blades
  6379 | Bailey   | Reached skill level 2 in Invocations
  6686 | D:8      | Reached skill level 2 in Armour
  7117 | D:9      | Reached skill level 8 in Stealth
  7131 | D:9      | Noticed Erica
  7135 | D:9      | Noticed a kobold demonologist
  7139 | D:9      | Noticed a two-headed ogre
  7157 | D:9      | Noticed a soul eater
  7229 | D:8      | Killed a two-headed ogre
  7230 | D:8      | Reached skill level 3 in Invocations
  7268 | D:8      | Killed a kobold demonologist
  7348 | D:8      | Reached skill level 3 in Armour
  7377 | D:9      | Reached ****** piety under Uskayaw
  7386 | D:9      | Reached skill level 4 in Invocations
  7387 | D:9      | Reached skill level 9 in Stealth
  7413 | D:9      | Reached XP level 11. HP: 59/60 MP: 15/15
  7418 | D:9      | Reached skill level 8 in Fighting
  7546 | D:9      | Killed Erica
  7681 | D:9      | Found a runed translucent gate.
  7682 | D:9      | Found a runed translucent gate.
  7722 | D:9      | Found a runed translucent gate.
  7973 | D:9      | Noticed Hubris850's ghost (novice TrBe)
  8014 | D:10     | Entered Level 10 of the Dungeon
  8014 | D:10     | Noticed a two-headed ogre
  8015 | D:10     | Killed a two-headed ogre
  8016 | D:10     | Reached skill level 4 in Armour
  8092 | D:10     | Reached skill level 5 in Invocations
  8298 | D:10     | Reached skill level 10 in Stealth
  8298 | D:10     | Found a snail-covered altar of Cheibriados.
  8298 | D:10     | Noticed Josephine
  8300 | D:10     | Found Cheibriados's Comfort Zone.
  8319 | D:10     | Killed Josephine
  8606 | D:10     | Reached skill level 9 in Fighting
  8606 | D:10     | Reached skill level 6 in Invocations
  8901 | D:11     | Found Kuuf's Weapon Shop.
  8923 | D:11     | Noticed a cyclops
  8966 | D:11     | Reached skill level 11 in Stealth
  8991 | D:11     | Killed a cyclops
  9021 | D:11     | Found a staircase to the Lair.
  9023 | D:11     | Noticed an oklob plant
  9034 | D:11     | Killed an oklob plant
  9035 | D:11     | Reached skill level 12 in Stealth
  9060 | D:11     | You add the spells Summon Forest, Eringya's Noxious Bog and
                  | Summon Hydra to your library.
  9163 | D:11     | Found Janota's Jewellery Emporium.
  9171 | D:11     | Bought an amulet of faith for 440 gold pieces
  9445 | D:12     | Noticed a boulder beetle
  9452 | D:12     | Killed a boulder beetle
  9453 | D:12     | Reached skill level 1 in Shields
  9453 | D:12     | Reached XP level 12. HP: 52/66 MP: 17/17
  9625 | D:12     | Noticed a seven-headed hydra
  9635 | D:12     | Noticed a six-headed hydra
  9638 | D:12     | Killed a seven-headed hydra
  9641 | D:12     | Reached skill level 2 in Shields
  9647 | D:12     | Banished a six-headed hydra
  9814 | D:12     | Reached skill level 4 in Dodging
 10006 | D:12     | Found a staircase to the Orcish Mines.
 10123 | D:13     | Noticed a centaur warrior
 10135 | D:13     | Killed a centaur warrior
 10136 | D:13     | Reached skill level 11 in Short Blades
 10136 | D:13     | Reached skill level 3 in Shields
 10222 | D:13     | Reached skill level 7 in Invocations
 10253 | D:13     | Noticed a centaur warrior
 10260 | D:13     | Killed a centaur warrior
 10324 | D:13     | Noticed Urug
 10325 | D:13     | Noticed a two-headed ogre
 10335 | D:13     | Killed Urug
 10336 | D:13     | Reached skill level 13 in Stealth
 10337 | D:13     | Killed a two-headed ogre
 10513 | D:13     | Reached XP level 13. HP: 70/70 MP: 19/19
 10549 | D:13     | Reached skill level 4 in Shields
 10550 | D:13     | Reached skill level 5 in Dodging
 10650 | D:13     | Reached skill level 12 in Short Blades
 10650 | D:13     | Reached skill level 8 in Invocations
 10820 | D:13     | Reached skill level 5 in Shields
 10827 | D:13     | Reached skill level 14 in Stealth
 10864 | D:13     | Reached skill level 6 in Dodging
 10864 | D:13     | You pick up a book of Power and begin reading...
 10864 | D:13     | You add the spells Iskenderun's Battlesphere and Iron Shot
                  | to your library.
 10920 | D:13     | Reached skill level 9 in Invocations
 11313 | D:13     | Reached skill level 7 in Dodging
 11316 | D:13     | Reached XP level 14. HP: 75/75 MP: 22/22
 11457 | D:14     | You add the spells Ignite Poison, Mephitic Cloud and
                  | Freezing Cloud to your library.
 11489 | D:14     | Reached skill level 10 in Invocations
 11528 | D:14     | Noticed Lodul
 11568 | D:14     | Banished Lodul
 11613 | D:14     | Found a gate to the Vaults.
 12002 | D:14     | Reached skill level 8 in Dodging
 12007 | D:14     | Reached skill level 11 in Invocations
 12180 | D:14     | Identified the +9 sling "Juphutul" {venom, Str+2 Int-4
                  | Dex+4 SInv}
 12263 | D:14     | Reached skill level 12 in Invocations
 12484 | D:15     | Entered Level 15 of the Dungeon
 12918 | D:15     | Reached skill level 13 in Invocations
 13418 | D:15     | HP: 1/75 [white ugly thing (18)]
 13420 | D:15     | Mangled by a cyan ugly thing

Vanquished Creatures
  Josephine (D:10)
  A rakshasa (D:15)
  4 vault guards (D:14)
  3 boulder beetles
  Erica (D:9)
  A catoblepas (D:13)
  4 hydras
  3 two-headed ogres
  10 centaur warriors
  3 tengu warriors
  Urug (D:13)
  3 deep elf pyromancers
  An oklob plant (D:11)
  17 ugly things
  3 manticores
  7 cyclopes
  5 gargoyles
  3 kobold demonologists
  A komodo dragon (D:13)
  A freezing wraith (D:15)
  2 tengu conjurers (D:14)
  4 red devils (D:15)
  3 meliai (D:13)
  4 trolls
  26 slime creatures
  Sigmund (D:3)
  A shadow (D:9)
  A vampire (D:10)
  10 yaks
  8 wraiths
  2 basilisks (D:13)
  3 steam dragons
  Grum (Bailey)
  A vampire mosquito (D:13)
  An acid dragon (D:11)
  3 water moccasins
  3 orc warriors
  2 ice beasts
  3 sky beasts
  A black bear (D:6)
  8 ogres (D:14)
  8 wolves (Bailey)
  14 centaurs
  Blork the orc (D:4)
  A kobold brigand (D:9)
  A bullfrog (D:7)
  9 gnoll sergeants
  A necrophage (D:6)
  3 scorpions (D:6)
  8 wights
  15 killer bees
  2 electric eels (D:14)
  6 howler monkeys
  5 hounds
  2 jellies
  8 gnoll boudas
  7 orc priests
  Ijyb (D:3)
  Terence (D:3)
  4 iguanas
  4 orc wizards
  Robin (D:3)
  31 gnolls
  4 adders
  A shadow imp (D:6)
  A white imp (D:5)
  3 worms
  2 dart slugs
  23 orcs
  6 endoplasms
  3 giant cockroaches
  17 goblins
  14 hobgoblins
  5 jackals
  3 quokkas
  3 training dummies (D:6)
  6 ball pythons
  5 bats
  3 frilled lizards
  9 kobolds
  5 rats
407 creatures vanquished.

Vanquished Creatures (others)
  2 orcs (D:8)
  8 plants
10 creatures vanquished.

Grand Total: 417 creatures vanquished

Table legend:
 A = Non-vault XP
 B = Vault XP
 C = Vault XP percentage of total XP
 D = Non-vault monster count
 E = Vault monster count
 F = Vault count percentage of total count
                 A         B        C        D         E       F
            +---------+---------+-------+---------+---------+-------
      Total |   42860 |   40163 |  48.4 |     271 |     156 |  36.5
            +---------+---------+-------+---------+---------+-------
        D:1 |      32 |       2 |   5.9 |      12 |       2 |  14.3
        D:2 |      28 |       3 |   9.7 |      14 |       2 |  12.5
        D:3 |      75 |     355 |  82.6 |      12 |      19 |  61.3
        D:4 |     186 |      99 |  34.7 |      28 |       1 |   3.4
        D:5 |     247 |      13 |   5.0 |       7 |       1 |  12.5
        D:6 |    1076 |       6 |   0.6 |      15 |       3 |  16.7
        D:7 |    1364 |       0 |   0.0 |      26 |       0 |   0.0
        D:8 |    2452 |       8 |   0.3 |      14 |       4 |  22.2
        D:9 |    1706 |     855 |  33.4 |      24 |       1 |   4.0
       D:10 |    2899 |    1743 |  37.5 |      24 |       5 |  17.2
       D:11 |    1916 |     580 |  23.2 |      12 |       1 |   7.7
       D:12 |    7144 |     530 |   6.9 |      22 |      16 |  42.1
       D:13 |   10564 |   18257 |  63.3 |      31 |      31 |  50.0
       D:14 |    5855 |   12098 |  67.4 |      15 |      27 |  64.3
       D:15 |    7316 |    3327 |  31.3 |      15 |       7 |  31.8
     Bailey |       0 |    2287 | 100.0 |       0 |      36 | 100.0
            +---------+---------+-------+---------+---------+-------

Illustrated notes

Table legend:
 A = Kills in this place as a percentage of kills in entire the game.
 B = Kills by you in this place as a percentage of kills by you in the entire game.
 C = Kills by friends in this place as a percentage of kills by friends in the entire game.
 D = Other kills in this place as a percentage of other kills in the entire game.
 E = Experience gained in this place as a percentage of experience gained in the entire game.
 F = Experience gained in this place divided by the number of levels of this place that you have seen.
                   A       B       C       D       E      F
               +-------+-------+-------+-------+-------+----------------------
         Total | 100.0 | 100.0 |   N/A | 100.0 | 100.0 | 4883.7
       Dungeon |  91.6 |  91.2 |   N/A | 100.0 |  97.2 | 5382.4
        Bailey |   8.4 |   8.8 |   N/A |   0.0 |   2.8 | 2287.0
               +-------+-------+-------+-------+-------+----------------------

Table legend: (Time is in decaauts)
 A = Elapsed time spent in this place.
 B = Non-inter-level travel time spent in this place.
 C = Inter-level travel time spent in this place.
 D = Time resting spent in this place.
 E = Time spent auto-exploring this place.
 F = Levels seen in this place.
 G = Mean time per level.
                   A        B        C        D        E       F      G
               +--------+--------+--------+--------+--------+-----+--------+
         Total |  12816 |  12235 |    581 |    408 |   8588 |  17 |  753.9 |
       Dungeon |  11757 |  11213 |    544 |    246 |   8346 |  15 |  783.8 |
        Temple |    187 |    150 |     37 |      0 |    139 |   1 |  187.0 |
        Bailey |    871 |    871 |      0 |    162 |    103 |   1 |  871.0 |
               +--------+--------+--------+--------+--------+-----+--------+

Top non-repeatable levels by time:
    D:13: 1252 daAuts
    D:14: 990 daAuts
     D:8: 914 daAuts
    D:15: 895 daAuts
  Bailey: 871 daAuts
     D:5: 836 daAuts
    D:10: 833 daAuts
     D:3: 814 daAuts
     D:9: 776 daAuts
     D:2: 767 daAuts
     D:1: 755 daAuts
     D:6: 719 daAuts
     D:4: 644 daAuts
    D:12: 615 daAuts
    D:11: 521 daAuts
